 Dungeon Crawl Stone Soup version 0.22.0-38-g04b72b8c25 (webtiles) character file.

9246 Loge the Grappler (level 11, -6/111 HPs)
             Began as a Troll Monk on Aug 26, 2018.
             Was a High Priest of Makhleb.
             Mangled by an orc warlord
             ... wielding a +2 dire flail of crushing
              (34 damage)
             ... in a bailey.
             The game lasted 00:20:55 (7666 turns).

Loge the Grappler (Troll Monk)                      Turns: 7666, Time: 00:20:56

Health: -6/111     AC:  8    Str: 21    XL:     11   Next: 20%
Magic:  15/15      EV: 11    Int:  6    God:    Makhleb [*****.]
Gold:   506        SH:  0    Dex: 15    Spells: 10/10 levels left

rFire    + + .     SeeInvis .     - Unarmed
rCold    . . .     Gourm    +   (no shield)
rNeg     . . .     Faith    .   J - +1 robe {rC+}
rPois    .         Spirit   .   (helmet restricted)
rElec    .         Reflect  .   c - +1 cloak
rCorr    .         Harm     .   (gloves unavailable)
MR       .....                  (boots unavailable)
Stlth    ++........             s - amulet of regeneration
HPRegen  1.08/turn              w - ring of protection from fire
MPRegen  0.14/turn              y - ring of fire (curse)

@: no status effects
A: large, unfitting armour, claws 3, fast metabolism 3, gourmand, regeneration
1, shaggy fur 1, tough skin 2
a: Minor Destruction, Lesser Servant of Makhleb, Major Destruction, Greater
Servant of Makhleb, Renounce Religion


You were in a bailey.
You worshipped Makhleb.
Makhleb was extremely pleased with you.
You were very full.

You visited 1 branch of the dungeon, and saw 10 of its levels.
You also visited: Bailey.

You collected 506 gold pieces.

Inventory:

Missiles
 r - 11 large rocks (quivered)
 v - a throwing net
Armour
 c - a +1 cloak (worn)
 J - a +1 robe of cold resistance (worn)
Jewellery
 h - an uncursed ring of protection from cold {unknown}
 s - an amulet of regeneration (around neck)
 w - a ring of protection from fire (left claw)
 y - a cursed ring of fire (right claw)
Wands
 A - a wand of iceblast (11)
 B - a wand of enslavement (20)
 F - a wand of scattershot (6)
 H - a wand of polymorph (9)
 I - a wand of disintegration (14)
Scrolls
 e - 4 scrolls of enchant weapon
 i - a scroll of identify
 k - 2 scrolls of remove curse
 o - 2 scrolls of fear
 q - 3 scrolls of teleportation
 E - a scroll of immolation
 G - 2 scrolls of enchant armour
Potions
 d - 2 potions of ambrosia
 f - 5 potions of haste
 g - 4 potions of agility
 j - a potion of invisibility
 l - a potion of mutation
 m - 7 potions of curing
 n - a potion of might {unknown}
 p - 6 potions of heal wounds
 t - 2 potions of brilliance
 C - a potion of degeneration {unknown}
Comestibles
 a - 8 chunks of flesh
 b - 18 rations


   Skills:
 + Level 8.0 Fighting
 - Level 2.4 Dodging
 - Level 1.0 Stealth
 * Level 12.7 Unarmed Combat
 + Level 7.4 Invocations


You had 10 spell levels left.
You didn't know any spells.
Your spell library contained the following spells:

 Spells                   Type           Power        Failure   Level  Hunger
 Corona                   Hex            #......      45%         1    ##.....
 Freeze                   Ice            #...         45%         1    ##.....
 Slow                     Hex            #.......     58%         2    ###....
 Throw Frost              Conj/Ice       #.....       58%         2    ###....
 Inner Flame              Hex/Fire       #.......     83%         3    ####...
 Ozocubu's Armour         Chrm/Ice       #.......     83%         3    ####...
 Portal Projectile        Hex/Tloc       #.....       83%         3    ####...
 Cause Fear               Hex            #.........   99%         4    #####..
 Leda's Liquefaction      Hex/Erth       #.........   99%         4    #####..
 Summon Ice Beast         Ice/Summ       #.......     99%         4    #####..
 Throw Icicle             Conj/Ice       #.......     99%         4    #####..


Dungeon Overview and Level Annotations

Branches:
Dungeon (10/15)            Temple (0/1) D:6            Lair (0/6) D:8
    Orc (0/2) D:9

Altars:
Ashenzari
Cheibriados
Fedhas
Gozag
Hepliaklqana
Kikubaaqudgha
Makhleb
Nemelex Xobeh
Okawaru
Sif Muna
Trog
Wu Jian
Yredelemnul
Zin
The Shining One

Shops:
D:4 *   D:6 %?

Annotations:
D:3 2 transporters
D:4 2 transporters, speilhur's ghost, amateur DsGl


Innate Abilities, Weirdness & Mutations

You are too large for most types of armour.
You have claws for hands.
Your metabolism is lightning-fast.
You like to eat raw meat.
Your natural rate of healing is unusually fast.
You are covered in fur. (AC +1)
You have very tough skin. (AC +2)


Message History

You scratch the orc warlord.
The orc warlord is heavily wounded.
The orc warrior hits your orange demon with a war axe!
Your orange demon dies!
Your smoke demon hits the orc warlord but does no damage.
Your smoke demon barely misses the orc warlord. x2
Your neqoxec gestures.
You strike the helpless orc warlord from behind!
You scratch the orc warlord but do no damage.
Your claw misses the orc warlord.
The orc warlord is heavily wounded.
The orc warlord hits you with a dire flail of crushing!!
* * * LOW HITPOINT WARNING * * *
x2 Your smoke demon barely misses the orc warlord. x2
Your smoke demon hits the orc warlord but does no damage.
Your neqoxec hits the orc warrior. You claw the orc warlord!
The orc warlord is severely wounded.
The orc warlord hits you with a dire flail of crushing!!
You die...

##88.88##.........##
#.......#.........#
##.......##.......##
+.........'.......#
##.......).##.....##
#....o⌠.....#######
##...).....##
#...oo.)..#
##.3@3...##
#..5....# ##..∩..##
#######


You could see an orc warlord, 2 orc warriors, a friendly smoke demon, a friendly
neqoxec and a friendly ufetubus.

Vanquished Creatures
  Erolcha (D:9)
  A two-headed ogre (D:10)
  Pikel (D:8)
  Maurice (D:8)
  A centaur skeleton (D:10)
  A troll (D:10)
  Grinder (D:3)
  Prince Ribbit (D:8)
  A hippogriff (D:10)
  A spriggan (D:7)
  3 yaks (D:9)
  A hungry ghost (D:8)
  9 orc warriors
  A sky beast (D:10)
  A black bear (D:8)
  5 ice beasts
  8 ogres
  3 centaurs
  2 big kobolds
  3 bullfrogs
  The ghost of lis82 the Magician, an amateur SpWz of Sif Muna (D:3)
  6 scorpions
  8 howler monkeys
  2 centaur zombies
  4 crimson imps
  8 hounds
  A bullfrog skeleton (D:9)
  4 orc priests
  2 iguanas
  11 orc wizards
  Terence (D:3)
  Natasha (thrice) (D:2)
  6 worker ants
  A killer bee zombie (D:6)
  2 hound skeletons
  A worker ant zombie (D:5)
  A howler monkey zombie (D:5)
  12 gnolls
  8 adders
  4 shadow imps
  2 oozes
  An adder zombie (D:9)
  An adder skeleton (D:6)
  A dart slug (D:2)
  2 leopard geckos
  68 orcs
  4 giant cockroaches
  2 gnoll zombies (D:6)
  14 goblins
  16 hobgoblins
  9 jackals
  5 quokkas
  8 bats
  2 frilled lizards
  12 kobolds
  A quokka skeleton (D:6)
  7 rats
287 creatures vanquished.

Vanquished Creatures (collateral kills)
  A hydra (D:8)
  An orc warrior (Bailey)
2 creatures vanquished.

Vanquished Creatures (others)
  4 slaves (D:8)
  A scorpion (D:8)
  A bullfrog zombie (D:8)
  An orc priest (D:8)
  3 orcs (D:8)
10 creatures vanquished.

Grand Total: 299 creatures vanquished

Notes
Turn   | Place    | Note
-------+----------+-------------------------------------------
     0 | D:1      | Loge the Troll Monk began the quest for the Orb.
     0 | D:1      | Reached XP level 1. HP: 22/22 MP: 0/0
    63 | D:1      | Reached XP level 2. HP: 28/29 MP: 1/1
   529 | D:2      | Reached XP level 3. HP: 36/36 MP: 2/2
   573 | D:2      | Found a snail-covered altar of Cheibriados.
   686 | D:2      | Reached skill level 4 in Unarmed Combat
   796 | D:2      | Noticed Natasha
   808 | D:2      | Killed Natasha
   808 | D:2      | Reached XP level 4. HP: 37/45 MP: 3/3
   903 | D:2      | Noticed Natasha
   910 | D:2      | Killed Natasha
   965 | D:2      | Found a snail-covered altar of Cheibriados.
  1061 | D:2      | Noticed Natasha
  1068 | D:2      | Killed Natasha
  1221 | D:3      | Found an ancient bone altar of Kikubaaqudgha.
  1221 | D:3      | Noticed a hippogriff
  1222 | D:3      | Found a transporter.
  1230 | D:3      | Reached skill level 5 in Unarmed Combat
  1230 | D:3      | Reached XP level 5. HP: 53/53 MP: 4/4
  1238 | D:3      | Found a transporter.
  1248 | D:3      | Found a runed gate.
  1270 | D:3      | Found a burning altar of Makhleb.
  1272 | D:3      | Noticed Grinder
  1289 | D:3      | Killed Grinder
  1289 | D:3      | Reached skill level 6 in Unarmed Combat
  1289 | D:3      | Reached XP level 6. HP: 62/62 MP: 5/5
  1293 | D:3      | Became a worshipper of Makhleb the Destroyer
  1293 | D:3      | Reached * piety under Makhleb
  1293 | D:3      | Reached ** piety under Makhleb
  1551 | D:3      | Noticed Terence
  1564 | D:3      | Killed Terence
  1724 | D:3      | Found a runed gate.
  1724 | D:3      | Found a runed gate.
  1727 | D:3      | Noticed lis82's ghost (amateur SpWz)
  1745 | D:3      | Killed lis82's ghost
  1811 | D:4      | Reached skill level 1 in Invocations
  1818 | D:4      | Reached XP level 7. HP: 66/70 MP: 6/6
  1874 | D:4      | Found Emuamm's General Store.
  1932 | D:4      | Found a glowing golden altar of the Shining One.
  1961 | D:4      | Reached skill level 7 in Unarmed Combat
  1981 | D:4      | Found an iron altar of Okawaru.
  2130 | D:4      | Found a shattered altar of Ashenzari.
  2178 | D:4      | Found a transporter.
  2180 | D:4      | Noticed speilhur's ghost (amateur DsGl)
  2181 | D:4      | Found a transporter.
  2389 | D:5      | Entered Level 5 of the Dungeon
  2473 | D:5      | Reached XP level 8. HP: 79/79 MP: 8/8
  2659 | D:5      | Found a hazy altar of Hepliaklqana.
  2720 | D:5      | Reached skill level 8 in Unarmed Combat
  2969 | D:5      | Reached skill level 5 in Fighting
  3568 | D:6      | Found a staircase to the Ecumenical Temple.
  3604 | D:6      | Reached *** piety under Makhleb
  3658 | D:6      | Found a blossoming altar of Fedhas.
  3716 | D:6      | Found an opulent altar of Gozag.
  3740 | D:6      | Found Cionikim's Food Shoppe.
  3935 | D:6      | Found a basalt altar of Yredelemnul.
  4115 | D:6      | Reached skill level 9 in Unarmed Combat
  4217 | D:6      | Found Ikisupe's Magic Scroll Boutique.
  4386 | D:7      | Found an ornate altar of the Wu Jian Council.
  4387 | D:7      | Found a bloodstained altar of Trog.
  4542 | D:7      | Reached XP level 9. HP: 87/89 MP: 11/11
  5392 | D:8      | Reached **** piety under Makhleb
  5411 | D:8      | Noticed Pikel
  5419 | D:8      | Reached skill level 10 in Unarmed Combat
  5434 | D:8      | Killed Pikel
  5434 | D:8      | Reached skill level 5 in Invocations
  5439 | D:8      | Noticed Prince Ribbit
  5502 | D:8      | Noticed an eight-headed hydra
  5511 | D:8      | Killed an eight-headed hydra
  5592 | D:8      | Killed Prince Ribbit
  5617 | D:8      | Noticed Maurice
  5625 | D:8      | Reached XP level 10. HP: 54/100 MP: 13/13
  5627 | D:8      | Reached skill level 11 in Unarmed Combat
  5630 | D:8      | Killed Maurice
  5898 | D:8      | Found a staircase to the Lair.
  6116 | D:8      | Found a sparkling altar of Nemelex Xobeh.
  6274 | D:9      | Found a glowing silver altar of Zin.
  6390 | D:9      | Noticed Erolcha
  6408 | D:9      | Killed Erolcha
  6446 | D:9      | Reached skill level 12 in Unarmed Combat
  6472 | D:9      | Reached ***** piety under Makhleb
  6686 | D:9      | Found a deep blue altar of Sif Muna.
  6780 | D:9      | Found a staircase to the Orcish Mines.
  6964 | D:10     | Entered Level 10 of the Dungeon
  7101 | D:10     | Noticed a two-headed ogre
  7111 | D:10     | Killed a two-headed ogre
  7111 | D:10     | Reached XP level 11. HP: 73/110 MP: 15/15
  7250 | D:10     | Found a flagged portal.
  7273 | Bailey   | Entered a bailey
  7651 | Bailey   | Noticed an orc warlord
  7666 | Bailey   | Mangled by an orc warlord

Skill      XL: |  1  2  3  4  5  6  7  8  9 10 11 |
---------------+----------------------------------+-----
Unarmed Combat | 4 5 6 7 9 10 12 | 12.7
Fighting       | 3 4 5 6 7 8 |  8.0
Invocations    | 1 2 4 5 7 |  7.4
Dodging        | |  2.4
Stealth        | |  1.0

Action                   |  1- 3 |  4- 6 |  7- 9 | 10-12 || total
-------------------------+-------+-------+-------+-------++-------
Melee: Unarmed           |    67 |    87 |   321 |   307 ||   782
       Punch             |       |     2 |    13 |    20 ||    35
Invok: Lesser Servant of |       |       |     3 |     3 ||     6
  Use: Scroll            |       |       |     6 |    14 ||    20
 Stab: Sleeping          |       |     1 |     4 |       ||     5
       Distracted        |       |       |       |     1 ||     1
  Eat: Chunk             |     9 |    13 |    35 |    25 ||    82
Armor: Robe              |    26 |    21 |    89 |    78 ||   214
Dodge: Dodged            |    31 |    35 |   202 |   147 ||   415
